 Dungeon Crawl Stone Soup version bcrawl-1.21.3 (webtiles) character file.

Game seed: 1969981846801105910

10206 MisterOstroum the Fighter (level 11, -1/72 HPs)
             Began as a Skeleton Gladiator on Apr 3, 2020.
             Was an Initiate of Gozag.
             Slain by a death yak (17 damage)
             ... on level 2 of the Lair of Beasts.
             The game lasted 00:20:40 (12882 turns).

MisterOstroum the Fighter (Skeleton Gladiator)     Turns: 12882, Time: 00:20:40

Health: -1/72      AC: 15    Str: 22 (23) XL:     11   Next: 33%
Magic:  0/16       EV: 11    Int:  6 (8)  God:    Gozag
Gold:   1851       SH:  3    Dex:  9 (10) Spells: 16/16 levels left

rFire    . . .     SeeInvis .   b - +5 dagger (venom)
rCold    + . .     Gourm    .   (no shield)
rNeg     + + +     Faith    .   v - +0 plate armour
rPois    ∞         Spirit   +   l - +1 helmet
rElec    .         Reflect  +   (no cloak)
rCorr    .         Harm     .   (no gloves)
MR       +....                  (no boots)
Stlth    ..........             C - +3 amulet of reflection
HPRegen  0.22/turn              (no ring)
MPRegen  0.15/turn              (no ring)

@: no status effects
A: no food or potions, cold resistance 1, deterioration 1, negative energy
resistance 3, powered by death 1, torment resistance, unbreathing, magic shield,
sturdy frame 2, spell healing
a: Potion Petition, Call Merchant, Bribe Branch, Renounce Religion


You were on level 2 of the Lair of Beasts.
You worshipped Gozag.
Gozag was most pleased with you.
You were not hungry.

You visited 3 branches of the dungeon, and saw 10 of its levels.
You also visited: Sewer and Ossuary.

You collected 2296 gold pieces.
You spent 348 gold pieces at shops.
You paid 97 gold pieces to Gozag.

Inventory:

Hand Weapons
 a - a +1 trident of freezing
 b - a +5 dagger of venom (weapon)
 c - a +1 vampiric demon whip
 t - a +1 blowgun
 B - a +0 hand axe
 E - the +9 staff of Olgreb {rPois}
   (You found it on level 6 of the Dungeon)

   It protects you from poison.
Missiles
 d - a throwing net {!f!f}
 g - 1998 stones (quivered)
 i - 962 sling bullets
 m - 507 poisoned needles
 o - 120 tomahawks
 p - 450 arrows
 F - 75 poisoned tomahawks
 G - 153 bolts
Armour
 l - a +1 helmet (worn)
 q - a +0 leather armour
 v - a +0 plate armour (worn)
Jewellery
 C - a +3 amulet of reflection (around neck)
Wands
 s - a wand of scattershot (2)
 D - a wand of iceblast (4)
 H - a wand of paralysis (11)
 J - a wand of acid (5)
Scrolls
 e - 2 scrolls of immolation
 f - 4 scrolls of amnesia
 h - 4 scrolls of identify {@r1}
 j - 2 scrolls of enchant weapon
 k - 3 scrolls of fear
 n - 3 scrolls of fog {!r}
 r - 10 scrolls of remove curse {@r2}
 u - 3 scrolls of enchant armour
 w - 3 scrolls of teleportation {@r3 !r}
 x - 2 scrolls of blinking
 y - a scroll of silence
 z - a scroll of torment
 A - 2 scrolls of vulnerability
 I - a scroll of noise {unknown}


   Skills:
 - Level 10.1 Fighting
 - Level 5.4(8.1) Axes
 * Level 7.3(8.2) Maces & Flails
 - Level 5.6(6.7) Polearms
 - Level 1.7 Throwing
 - Level 7.1 Armour
 - Level 6.9 Dodging
 - Level 5.0 Stealth
 + Level 3.3 Spellcasting
 + Level 5.6 Evocations


You had 16 spell levels left.
You didn't know any spells.
Your spell library was empty.

Dungeon Overview and Level Annotations

Branches:
Dungeon (7/12)             Temple (1/1) D:4            Lair (2/6) D:7
  Swamp: Lair:2-4    Shoals: Lair:2-4     Snake: Lair:2-4    Spider: Lair:2-4

Altars:
Ashenzari
Gozag
Hepliaklqana
Kikubaaqudgha
Lugonu
Makhleb
Nemelex Xobeh
Qazlal
Ru
Trog
Vehumet
Wu Jian
Xom
Yredelemnul
Zin
The Shining One

Shops:
D:4 ((?*

Annotations:
D:2 Sigmund
D:5 1 runed translucent door, MisterOstroum's ghost, novice FoAc
D:6 1 runed door


Innate Abilities, Weirdness & Mutations

You do not eat or drink.
You are immune to poison.
Your flesh is cold resistant. (rC+)
Your body sometimes deteriorates upon taking damage.
You are immune to negative energy. (rN+++)
You regenerate a little health from kills.
You are immune to unholy pain and torment.
You can survive without breathing.
When hurt, damage is shared between your health and your magic reserves.
Your movements are less encumbered by armour. (ER -4)
Casting spells heals you.


Message History

You hit the death yak.
The death yak is lightly wounded.
The death yak gores you!
Your body deteriorates!
You feel weakened.
Your plate armour prevents you from hitting the death yak.
The death yak is lightly wounded.
You hit the death yak.
The death yak is poisoned.
The death yak is lightly wounded.
You barely miss the death yak.
The death yak is lightly wounded.
The death yak gores you!!
Your body deteriorates!
You feel clumsy.
You are too injured to fight recklessly!
You are too injured to fight recklessly!
You are too injured to fight recklessly!
You are too injured to fight recklessly!
You are too injured to fight recklessly!
You are too injured to fight recklessly!
You are too injured to fight recklessly!
You are too injured to fight recklessly!
You are too injured to fight recklessly!
You are too injured to fight recklessly!
You are too injured to fight recklessly!
You are too injured to fight recklessly!
You are too injured to fight recklessly!
The death yak snorts and paws the ground.
The death yak looks more healthy.
The death yak looks more healthy.
You hit the death yak.
The death yak is poisoned.
The death yak is lightly wounded.
The death yak gores you but does no damage.
You hit the death yak.
The death yak looks more poisoned.
The death yak is lightly wounded.
The death yak closely misses you.
You hit the death yak but do no damage.
The death yak looks more poisoned.
The death yak is moderately wounded.
The death yak gores you!
There is an escape hatch in the ceiling here.
Wield which item (- for none, * to show all)? (? for menu, Esc to quit)
Your +5 dagger of venom stops dripping with poison.
You smell chlorine.
E - the +9 staff of Olgreb (weapon)
{rPois} The death yak gores you!
You begin to radiate toxic energy.
The death yak looks more poisoned.
The death yak is poisoned.
Aiming: Venom Bolt
Press: ? - help, Shift-Dir - straight line, f/p - death yak
Aim: a death yak (lightly wounded, poisoned)
The bolt of poison hits the death yak!!
The death yak looks more poisoned.
The death yak is severely wounded.
The bolt of poison hits the death yak!
The death yak looks more poisoned.
The death yak is lightly wounded.
The death yak looks more poisoned.
The death yak misses you.
The death yak looks more poisoned.
Your toxic aura wanes.
There is an escape hatch in the ceiling here.
Your base Maces & Flails skill increases to level 7!
Your Spellcasting skill increases to level 3!
You feel a bit more experienced.
The death yak looks more healthy.
There is an escape hatch in the ceiling here.
You see here 18 gold pieces.
You begin to radiate toxic energy.
The death yak is poisoned.
The death yak gores you.
Unknown command.
The death yak looks more poisoned.
Your toxic aura wanes.
The death yak gores you!
There is an escape hatch in the floor here.
You begin to radiate toxic energy.
Unknown command.
The death yak looks more poisoned.
Your toxic aura wanes.
The death yak closely misses you.
Wield which item (- for none, * to show all)? (? for menu, Esc to quit)
The smell of chlorine vanishes.
Your +5 dagger of venom begins to drip with poison!
b - a +5 dagger of venom (weapon)
You hit the death yak but do no damage.
The death yak looks more poisoned.
The death yak is heavily wounded.
The death yak closely misses you.
You completely miss the death yak.
The death yak is heavily wounded.
The death yak gores you!
* * * LOW HITPOINT WARNING * * *
You hit the death yak.
The death yak looks more poisoned.
The death yak is heavily wounded.
The death yak closely misses you.
You hit the death yak.
The death yak is severely wounded.
The death yak closely misses you.
You puncture the death yak!
The death yak looks more poisoned.
The death yak is severely wounded.
The death yak gores you!
* * * LOW HITPOINT WARNING * * *
You hit the death yak but do no damage.
The death yak looks more poisoned.
The death yak is almost dead.
The death yak gores you!!
You die...
Your body crumbles into a pile of gold.

#....#### ####..#
##...##.###P#..#
####.............#
..#..............#
.................##
.................P#
.................##
.....>...........##
...............Y@.#
................<.#
.................##
.................###
............)....#.#
>.................##
...##.#...#.P#..##.#
...#####...#########
...# #..##


You could see a death yak.

Vanquished Creatures
  A hydra (Lair:1)
  2 death yaks
  Pikel (D:4)
  A cane toad (Lair:1)
  A komodo dragon (D:7)
  Grinder (D:3)
  3 blink frogs
  3 hippogriffs
  4 yaks
  A hungry ghost (D:6)
  3 soldier ants (D:6)
  2 crocodiles (Lair:2)
  3 porcupines
  4 water moccasins
  4 orc warriors
  4 ice beasts
  A sky beast (D:5)
  5 ogres
  A centaur (D:7)
  A big kobold (D:6)
  3 bullfrogs
  A water moccasin zombie (D:7)
  3 scorpions
  13 killer bees
  7 wights
  5 howler monkeys
  An electric eel (Lair:1)
  3 crimson imps
  2 centaur zombies
  A bullfrog zombie (D:5)
  A jelly (D:5)
  A human zombie (Ossuary)
  5 hounds
  2 iguanas
  Jessica (D:2)
  9 worker ants
  2 big kobold zombies (Ossuary)
  2 hound zombies (D:6)
  2 mummies (Ossuary)
  A worker ant zombie (D:6)
  3 gnolls (D:7)
  11 adders
  2 river rats (D:4)
  2 shadow imps
  3 oozes
  3 adder zombies
  4 worms
  3 dart slugs
  4 leopard geckos
  22 orcs
  3 giant cockroaches
  A gnoll zombie (Ossuary)
  5 goblins
  8 hobgoblins
  19 jackals
  3 quokkas
  7 ball pythons (Sewer)
  2 bats (D:2)
  3 frilled lizards
  A goblin zombie (Ossuary)
  4 hobgoblin zombies (Ossuary)
  16 kobolds
  4 orc zombies (Ossuary)
  A quokka skeleton (D:6)
  A quokka zombie (D:5)
  7 rats
  4 plants (Sewer)
257 creatures vanquished.

Vanquished Creatures (others)
  A fungus (Lair:1)
  2 plants (D:7)
  2 withered plants (D:5)
5 creatures vanquished.

Grand Total: 262 creatures vanquished

Notes
Turn   | Place    | Note
-------+----------+-------------------------------------------
     0 | D:1      | MisterOstroum the Skeleton Gladiator began the quest for
                  | the Orb.
     0 | D:1      | Reached XP level 1. HP: 12/12 MP: 1/1
   385 | D:1      | Reached XP level 2. HP: 16/17 MP: 2/2
  1326 | D:2      | Reached XP level 3. HP: 15/22 MP: 3/3
  1502 | D:2      | Noticed Sigmund
  1597 | D:2      | Reached skill level 5 in Polearms
  1994 | D:2      | Reached XP level 4. HP: 27/27 MP: 4/4
  2049 | D:2      | Noticed Jessica
  2054 | D:2      | Killed Jessica
  2054 | D:2      | Reached skill level 3 in Fighting
  2426 | D:3      | Noticed Grinder
  2426 | D:3      | Paralysed by Grinder for 4 turns
  2453 | D:3      | Killed Grinder
  2453 | D:3      | Reached skill level 4 in Fighting
  2453 | D:3      | Reached skill level 1 in Armour
  2453 | D:3      | Reached XP level 5. HP: 7/33 MP: 2/5
  2453 | D:3      | Gained mutation: You regenerate a little health from kills.
                  | [Skeleton growth]
  2453 | D:3      | Reached XP level 6. HP: 9/38 MP: 2/6
  3442 | D:4      | Reached skill level 5 in Fighting
  3442 | D:4      | Reached XP level 7. HP: 44/44 MP: 7/7
  3446 | D:4      | Found Piagalir's Magic Scroll Shop.
  3471 | D:4      | Found Etwuimp's Weapon Shoppe.
  3515 | D:4      | Found a staircase to the Ecumenical Temple.
  3524 | Temple   | Entered the Ecumenical Temple
  3597 | Temple   | Became a worshipper of Gozag Ym Sagoz the Greedy
  3631 | D:4      | Noticed Pikel
  3648 | D:4      | Killed Pikel
  3648 | D:4      | Reached skill level 6 in Fighting
  3648 | D:4      | Reached XP level 8. HP: 32/52 MP: 5/8
  3664 | D:4      | Found Xaczes's Antique Weapon Shoppe.
  3782 | D:4      | Found a glowing drain.
  3786 | Sewer    | Entered a sewer
  4741 | D:4      | Bought a runed trident for 182 gold pieces
  4920 | D:4      | Found Moppie's Assorted Antiques.
  4928 | D:4      | Bought a scroll labeled ZYARAH OPEMYAPP for 32 gold pieces
  4928 | D:4      | Bought a scroll labeled YNLIUTHYKH for 32 gold pieces
  4928 | D:4      | Bought a scroll labeled AVAENOTTECS for 32 gold pieces
  4928 | D:4      | Bought a scroll labeled YKENNI UCABOOT for 32 gold pieces
  5040 | D:4      | Bought a scroll of fear for 38 gold pieces
  5192 | D:5      | Entered Level 5 of the Dungeon
  5287 | D:5      | Reached skill level 5 in Dodging
  5661 | D:5      | Found a runed translucent door.
  5661 | D:5      | Noticed MisterOstroum's ghost (novice FoAc)
  5697 | D:5      | Reached skill level 5 in Stealth
  5718 | D:5      | Reached skill level 7 in Fighting
  5967 | D:5      | Reached skill level 5 in Armour
  6306 | D:6      | Found a glowing silver altar of Zin.
  6331 | D:6      | Found a hazy altar of Hepliaklqana.
  6335 | D:6      | Found an ancient bone altar of Kikubaaqudgha.
  6344 | D:6      | Reached skill level 1 in Axes
  6384 | D:6      | Got a faintly glowing hunting sling
  6480 | D:6      | Reached XP level 9. HP: 53/59 MP: 7/9
  6489 | D:6      | Reached skill level 8 in Fighting
  6489 | D:6      | Reached skill level 1 in Evocations
  7215 | D:6      | Found a runed door.
  7316 | D:6      | Found a runed gate.
  7318 | D:6      | Found a runed gate.
  7318 | D:6      | Found a runed gate.
  7355 | D:6      | Found a runed door.
  7366 | D:6      | Found the +9 staff of Olgreb {rPois}
  8215 | D:6      | Reached skill level 9 in Fighting
  8448 | D:6      | Gained mutation: Your movements are less encumbered by
                  | armour. (ER -4) [Skeleton growth]
  8448 | D:6      | Reached XP level 10. HP: 61/66 MP: 10/12
  9120 | D:7      | Reached skill level 5 in Axes
  9155 | D:7      | Found a sand-covered staircase.
  9187 | Ossuary  | Entered an ossuary
  9241 | Ossuary  | Reached skill level 10 in Fighting
  9687 | D:7      | Found a staircase to the Lair.
 10221 | Lair:1   | Entered Level 1 of the Lair of Beasts
 10447 | Lair:1   | Reached skill level 1 in Maces & Flails
 10485 | Lair:1   | Noticed a seven-headed hydra
 10492 | Lair:1   | Killed a seven-headed hydra
 10768 | Lair:1   | Noticed a cane toad
 10783 | Lair:1   | HP: 2/68 [cane toad (12)]
 10788 | Lair:1   | Killed a cane toad
 11517 | Lair:1   | Reached skill level 5 in Maces & Flails
 11528 | Lair:1   | Reached skill level 5 in Evocations
 11528 | Lair:1   | Reached XP level 11. HP: 47/72 MP: 10/14
 12025 | Lair:2   | Reached skill level 1 in Spellcasting
 12349 | Lair:2   | Noticed a death yak
 12350 | Lair:2   | Noticed a death yak
 12351 | Lair:2   | Noticed a death yak
 12386 | Lair:1   | Killed a death yak
 12818 | Lair:2   | Killed a death yak
 12882 | Lair:2   | Slain by a death yak

Skill      XL: |  1  2  3  4  5  6  7  8  9 10 11 |
---------------+----------------------------------+-----
Polearms       | 4 5 |  5.6
Fighting       | 4 5 6 7 9 10 | 10.1
Armour         | 1 2 3 5 6 7 |  7.1
Stealth        | 2 3 4 5 |  5.0
Dodging        | 4 5 6 |  6.9
Axes           | 1 4 5 |  5.4
Evocations     | 3 5 |  5.6
Maces & Flails | 5 7 |  7.3
Spellcasting   | 3 |  3.3
Throwing       | |  1.7

Action                   |  1- 3 |  4- 6 |  7- 9 | 10-12 || total
-------------------------+-------+-------+-------+-------++-------
Melee: Trident           |   131 |     4 |   237 |   135 ||   507
       Dagger            |       |    71 |   412 |   195 ||   678
       Demon whip        |       |       |       |   109 ||   109
Throw: Stone             |    11 |       |     2 |    14 ||    27
       Throwing net      |       |     3 |     1 |       ||     4
Invok: Potion Petition   |       |       |       |     1 ||     1
Evoke: Staff of Olgreb   |       |       |       |    10 ||    10
       Wand              |       |       |       |     9 ||     9
  Use: Scroll            |       |       |    14 |     1 ||    15
 Stab: Sleeping          |     2 |     4 |     6 |       ||    12
       Held in net/web   |       |     1 |     1 |       ||     2
       Distracted        |       |       |     2 |     2 ||     4
Armor: Leather armour    |    25 |     7 |   116 |    10 ||   158
       Plate armour      |       |       |       |   187 ||   187
Dodge: Dodged            |    58 |    28 |   378 |   225 ||   689
Block: Other             |       |       |       |    33 ||    33
